[Event "16th Delhi GM Open 2018"]
[Site "Delhi"]
[Date "2018.01.09"]
[Round "1"]
[White "Soham, Kamotra"]
[Black "Karthikeyan, Pandiyan"]
[Result "0-1"]
[ECO "A15"]
[WhiteElo "2013"]
[BlackElo "1422"]
[PlyCount "58"]
[EventDate "2018.??.??"]
[EventType "swiss"]
[EventCountry "IND"]
[SourceTitle "Delhi"]
[TimeControl "5400+30"]
[WhiteClock "0:58:30"]
[BlackClock "0:52:05"]

1. c4 Nf6 2. g3 e5 3. Bg2 c6 4. d4 e4 5. Nc3 Bb4 6. Qb3 Bxc3+ 7. Qxc3 O-O 8. Bg5 Re8 9. Nh3 h6 10. Bxf6 Qxf6 11. e3 d6 12. Nf4 Bg4 13. h3 Bf3 14. Bxf3 exf3 15. h4 Nd7 16. O-O-O Qf5 17. Qd3 Qa5 18. Kb1 Nf6 19. Rc1 Ne4 20. Rc2 Qf5 21. Kc1 g5 22. hxg5 hxg5 23. Nh5 Re6 24. Qf1 Rh6 25. Qh3 Qxh3 26. Rxh3 f5 27. Rh1 Kf7 28. g4 fxg4 29. Ng3 Rxh1+ 0-1

[Event "16th Delhi GM Open 2018"]
[Site "Delhi"]
[Date "2018.01.10"]
[Round "3"]
[White "Arjun Kalyan"]
[Black "Pranav Anand"]
[Result "1-0"]
[ECO "C96"]
[WhiteElo "2407"]
[BlackElo "2072"]
[Annotator "ChessBase"]
[PlyCount "147"]
[EventDate "2018.??.??"]
[EventType "swiss"]
[EventCountry "IND"]
[TimeControl "5400+30"]

1. e4 e5 2. Nf3 Nc6 3. Bb5 a6 4. Ba4 Nf6 5. O-O Be7 6. Re1 b5 7. Bb3 d6 8. c3 O-O 9. h3 Na5 10. Bc2 c5 11. d4 Nd7 12. Nbd2 exd4 13. cxd4 Nc6 14. d5 Nce5 15. a4 Bb7 16. Qe2 Qb6 17. axb5 axb5 18. Rxa8 Rxa8 19. Nxe5 Nxe5 20. f4 Ng6 21. Nf3 Ne5 22. Nd2 Ng6 23. Nf3 Nh4 24. Be3 Ng6 25. Bc1 Nh4 26. Be3 Ng6 27. Bc1 Nh4 28. Be3 Ra2 29. Rb1 Nxf3+ 30. Qxf3 Qa6 31. e5 Qa8 32. Be4 Ra1 33. Bc2 Ra2 34. Be4 Ra1 35. Bc2 Ra2 36. Be4 Ra1 37. Rxa1 Qxa1+ 38. Kh2 g6 39. Qe2 Qa4 40. Bf2 Qa1 41. Be3 Qa4 42. Bf2 Qb3 43. Be3 Qa4 44. Bf2 Qb3 45. Qd2 Qc4 46. Bf3 Bf8 47. Bg3 Be7 48. Bf2 Bf8 49. Bg3 Bc8 50. Be2 Qa4 51. Qe3 Bf5 52. Bh4 Bc8 53. Bg3 Bf5 54. Bh4 Bc8 55. Bg3 Bf5 56. Bh4 Bc8 57. Bg3 Bf5 58. Bh4 Bc8 59. Bg3 Bf5 60. Bh4 Bc8 61. Bg3 Bf5 62. Bh4 Bc8 63. Bg3 Bf5 64. Bh4 Bc8 65. Bg3 Bf5 66. Bh4 Bc8 67. Bg3 Bf5 68. Bh4 Bc8 69. Bg3 Bf5 70. Bh4 Bc8 71. Bg3 Bf5 72. Bh4 Bc8 73. Bg3 Bf5 74. Bh4 1-0

[Event "16th Delhi GM Open 2018"]
[Site "Delhi"]
[Date "2018.01.10"]
[Round "3"]
[White "Erigaisi Arjun"]
[Black "Nguyen, Phuoc Tam"]
[Result "1-0"]
[ECO "E73"]
[WhiteElo "2386"]
[BlackElo "2068"]
[Annotator "ChessBase"]
[PlyCount "87"]
[EventDate "2018.??.??"]
[EventType "swiss"]
[EventCountry "IND"]
[TimeControl "5400+30"]

1. d4 Nf6 2. c4 g6 3. Nc3 Bg7 4. e4 d6 5. Be2 O-O 6. Bg5 Nbd7 7. Qd2 c5 8. d5 b5 9. cxb5 a6 10. Nf3 axb5 11. Bxb5 Ba6 12. Bxa6 Rxa6 13. O-O Qc7 14. h3 Rb8 15. Rab1 Nb6 16. b3 Nc8 17. Rfe1 Nd7 18. a4 Ne5 19. Nxe5 Bxe5 20. Bf4 Bxf4 21. Qxf4 Rb4 22. Qe3 Nb6 23. e5 Ra8 24. Nb5 Qd7 25. Qg5 Rf8 26. Nc3 Rd4 27. exd6 Qxd6 28. Ne4 Rxd5 29. Qh6 Qe5 30. Nxc5 Qf5 31. Ne4 Nd7 32. b4 Rb8 33. Qe3 Ne5 34. Nc3 Rd3 35. Qxe5 Qxe5 36. Rxe5 Rxc3 37. b5 Ra3 38. Rb4 Kf8 39. b6 Ke8 40. Ra5 Kd7 41. Ra7+ Kd6 42. a5 Ke5 43. Rb2 h5 44. Rxe7+ 1-0